AoeStats
← SHAKUR

Arabia

509717345Analyzed
1v1 RM · 4d ago on Sep 27, 2026· 42m 12s· 2 players
Game mode
Random Map
Map size
Tiny (2 player)
Population
200
Speed
Normal
Resources
Standard
Victory
Conquest
Starting age
Dark Age
Ending age
Imperial Age
RankedLock teamsTeams togetherTeam positionsShared explorationLock speedFull tech treeHidden civsTurbo modeCheats
Victory
Defeat
🇨🇭 Romans · Switzerland
1075
+17
🇦🇷 Spanish · Argentina
1104
-17
Feeba
6:40 Loom
9:17 Feudal Age
9:45 Double-Bit Axe
15:35 Fletching
20:24 Castle Age
18:07 Horse Collar
20:34 Crossbowman
21:10 Bodkin Arrow
21:29 Bow Saw
22:46 Gold Mining
24:25 Wheelbarrow
27:15 Town Watch
29:16 Stone Mining
30:17 Fervor
31:57 Redemption
33:05 Heavy Plow
34:18 Bloodlines
34:08 Husbandry
35:50 Hand Cart
39:29 Imperial Age
37:26 Scale Barding Armor
37:37 Forging
38:44 Gold Shaft Mining
39:50 Chain Barding Armor
40:05 Iron Casting
40:08 Masonry
40:01 Cavalier
42:04 Plate Barding Armor
42:40 Chemistry
42:53 Blast Furnace
SHAKUR
7:30 Loom
7:45 Loom
10:23 Feudal Age
11:24 Town Watch
15:02 Wheelbarrow
18:32 Horse Collar
22:30 Castle Age
21:04 Fletching
21:47 Bloodlines
21:58 Padded Archer Armor
32:01 Husbandry
33:06 Hand Cart
32:42 Double-Bit Axe
34:50 Gold Mining
40:04 Imperial Age
38:20 Bodkin Arrow
39:52 Scale Barding Armor
40:26 Cavalier
41:53 Pikeman
Connection lost

Rejoining the realm…

Still unreachable

The connection could not be restored.

Session expired

The server has moved on; the page needs a fresh start.